 Dungeon Crawl Stone Soup version 0.30.0-5-g1a98f26d00 (webtiles) character file.

Game seed: 11625794204891955366

119 Irreverend the Firebug (level 4, -5/24 HPs)
             Began as a Deep Elf Fire Elementalist on May 8, 2023.
             Constricted to death by Natasha (6 damage)
             ... on level 2 of the Dungeon.
             The game lasted 00:03:40 (1624 turns).

Irreverend the Firebug (Deep Elf Fire Elementalist) Turns: 1624, Time: 00:03:41

Health: -5/24      AC:  2    Str:  5    XL:     4   Next: 74%
Magic:  6/12       EV:  9    Int: 22    God:
Gold:   60         SH:  0    Dex: 15    Spells: 8/11 levels left

rFire   . . .        (no weapon)
rCold   . . .        (no shield)
rNeg    . . .        a - +0 robe
rPois   .            (no helmet)
rElec   .            (no cloak)
rCorr   .            (no gloves)
SInv    .            (no boots)
Will    .....        (no amulet)
Stlth   ++           (no ring)
HPRegen 0.24/turn    (no ring)
MPRegen 0.13/turn

%: no passive effects
@: grasped by roots, slowed, constricted, very slow
A: no striking features
a: no special abilities


You were on level 2 of the Dungeon.
You visited 1 branch of the dungeon, and saw 2 of its levels.

You collected 60 gold pieces.

Inventory:

Armour
 a - a +0 robe (worn)
Scrolls
 c - 3 scrolls of enchant weapon {unknown}
 e - a scroll of noise {unknown}
 g - a scroll of vulnerability {unknown}
 h - a scroll of amnesia {unknown}
 j - a scroll of identify {unknown}
Potions
 b - 2 potions of magic
 d - a potion of attraction {unknown}
 f - 2 potions of heal wounds {unknown}
 i - a potion of flight {unknown}


   Skills:
 - Level 2.4 Dodging
 - Level 2.4 Stealth
 + Level 4.3 Spellcasting
 + Level 2.6 Conjurations
 * Level 4.9 Fire Magic


You had 8 spell levels left.
You knew the following spells:

 Your Spells              Type           Power      Damage    Failure   Level
a - Foxfire               Conj/Fire      84%        2x1d8     2%          1
b - Scorch                Fire           52%        2d7       2%          2

Your spell library contained the following spells:

 Spells                   Type           Power      Damage    Failure   Level
 Necrotise                Necr           16%        1d4       11%         1
 Inner Flame              Hex/Fire       15%        N/A       12%         3
 Volatile Blastmotes      Fire/Tloc      30%        2d12      12%         3
 Ensorcelled Hibernation  Hex/Ice        8%         N/A       17%         2
 Flame Wave               Conj/Fire      21%        2d8       24%         4
 Spider Form              Tmut/Pois      4%         N/A       32%         3
 Vampiric Draining        Necr           4%         2d6       32%         3
 Anguish                  Hex/Necr       2%         N/A       73%         4
 Agony                    Necr           4%         N/A       97%         5


Dungeon Overview and Level Annotations

Branches:
Dungeon (2/15)

Altars:

Annotations:
D:2 Natasha


Message History

You conjure some foxfire!
Natasha hisses angrily.
Natasha zaps a wand.
The roots erupt in riotous growth!
Your foxfire is unaffected.
The grasping roots grab you! The grasping roots constrict you.
The grasping roots constrict you.
The foxfire hits Natasha.
Natasha is lightly wounded.
The grasping roots release their grip on you.
The foxfire hits Natasha.
Natasha is lightly wounded.
Natasha casts a spell.
Casting: Foxfire (safe; 2% risk of failure)
Confirm with . or Enter, or press ? or * to list all spells.
You conjure some foxfire!
Natasha zaps a wand.
The roots erupt in riotous growth!
Your foxfire is unaffected.
The grasping roots grab you! The grasping roots constrict you.
The foxfire hits the cerulean imp.
The cerulean imp is heavily wounded.
The foxfire hits the cerulean imp.
The cerulean imp is severely wounded.
The cerulean imp hits you but does no damage.
The grasping roots constrict you.
Casting: Foxfire (safe; 2% risk of failure)
Confirm with . or Enter, or press ? or * to list all spells.
Flames lash the cerulean imp but do no damage.
The grasping roots constrict you.
* * * LOW HITPOINT WARNING * * *
The cerulean imp hits you from afar with a +0 spear.
* * * LOW HITPOINT WARNING * * *
Casting: Scorch (safe; 2% risk of failure)
Confirm with . or Enter, or press ? or * to list all spells.
Flames lash the cerulean imp.
You kill the cerulean imp!
The cerulean imp disappears in a puff of smoke!
Natasha stares at you and mumbles some strange words.
You feel yourself slow down. The grasping roots constrict you.
You die...

.#.#............#
.#..####.###.....##
.##.# ..#......##
..#.######.........#
...................##
..#..######.....h...####
..##....# #...ยง.....)..
...####.####............
...# #....#....@.#
...#######.#......#
.....# #.#...)..# ..##.#
#..#####.# ..##.#
##.....#.# ..##.###
#####.... ..##...# ..#
.......# ..# ...#####


You could see Natasha.

Vanquished Creatures
  Natasha (twice) (D:2)
  2 adders (D:2)
  A gnoll (D:1)
  A dart slug (D:1)
  3 ball pythons
  3 bats
  2 endoplasms
  A giant cockroach (D:1)
  4 goblins
  4 hobgoblins
  5 kobolds
  4 quokkas
  A frilled lizard (D:1)
  3 rats (D:1)
36 creatures vanquished.

Vanquished Creatures (others)
  62 foxfires
62 creatures vanquished.

Grand Total: 98 creatures vanquished

Notes
Turn   | Place    | Note
-------+----------+-------------------------------------------
     0 | D:1      | Irreverend the Deep Elf Fire Elementalist began the quest
                  | for the Orb.
     0 | D:1      | Reached XP level 1. HP: 10/10 MP: 6/6
   201 | D:1      | Reached XP level 2. HP: 15/15 MP: 4/8
   204 | D:1      | Learned a level 2 spell: Scorch
   579 | D:1      | Reached XP level 3. HP: 19/19 MP: 7/10
  1405 | D:2      | Noticed Natasha
  1409 | D:2      | Killed Natasha
  1410 | D:2      | Reached XP level 4. HP: 24/24 MP: 8/11
  1424 | D:2      | Noticed Natasha
  1429 | D:2      | Killed Natasha
  1617 | D:2      | Noticed Natasha
  1623 | D:2      | HP: 1/24 [cerulean imp/+0 spear[Natasha] (3)]
  1624 | D:2      | Constricted to death by Natasha

Illustrated notes

Levels and vault maps discovered:
D:1:      dpeg_arrival_rhombi, layout_loops_ring
D:2:      layout_rooms, uniq_natasha

Skill      XL: |  1  2  3  4 |
---------------+-------------+-----
Fire Magic     | 4 |  4.9
Conjurations   | 2 |  2.6
Spellcasting   | 4 |  4.3
Dodging        | |  2.4
Stealth        | |  2.4

Action                     |  1- 3 |  4- 6 || total
---------------------------+-------+-------++-------
   Cast: Foxfire           |    36 |     7 ||    43
         Scorch            |    17 |     6 ||    23
 Armour: Robe              |     2 |     1 ||     3
  Dodge: Dodged            |     6 |       ||     6
